 Dungeon Crawl Stone Soup version 0.29-a0-356-g7bc237e783 (webtiles) character file.

Game seed: 12963654022628993112

237 chopper the Covered (level 5, -1/47 HPs)
             Began as a Minotaur Fighter on Apr 26, 2022.
             Succumbed to goblin's curare
             ... on level 4 of the Dungeon.
             The game lasted 00:14:01 (2820 turns).

chopper the Covered (Minotaur Fighter)              Turns: 2820, Time: 00:14:02

Health: -1/47      AC: 15    Str: 20    XL:     5   Next: 77%
Magic:  4/4        EV:  7    Int:  5    God:
Gold:   139        SH:  5    Dex: 12    Spells: 4/4 levels left

rFire   . . .      SeeInvis .   a - +0 war axe
rCold   . . .      Faith    .   c - +0 buckler
rNeg    . . .      Spirit   .   k - +0 chain mail
rPois   .          Reflect  .   (helmet restricted)
rElec   .          Harm     .   l - +0 cloak
rCorr   .          Rampage  .   (no gloves)
Will    .....                   (no boots)
Stlth   ..........              m - amulet of the acrobat
HPRegen 0.15/turn               g - +4 ring of protection
MPRegen 0.09/turn               (no ring)

@: lethally poisoned (-1 -> -56), slowed, very slow
A: horns 2, retaliatory headbutt
a: no special abilities


You were on level 4 of the Dungeon.
You visited 1 branch of the dungeon, and saw 4 of its levels.

You collected 139 gold pieces.

Inventory:

Hand Weapons
 a - a +0 war axe (weapon)
Missiles
 s - 5 atropa-tipped darts (quivered)
Armour
 c - a +0 buckler (worn)
 k - a +0 chain mail (worn)
 l - a +0 cloak (worn)
Jewellery
 g - a +4 ring of protection (left hand)
 m - an amulet of the acrobat (around neck)
Scrolls
 e - a scroll of enchant armour
 h - 2 scrolls of immolation
 n - 4 scrolls of teleportation
 p - a scroll of amnesia {unknown}
 r - 2 scrolls of fog
 t - a scroll of acquirement {unknown}
Potions
 b - a potion of flight {unknown}
 d - a potion of might
 i - a potion of heal wounds {unknown}
 j - a potion of lignification {unknown}
 o - a potion of brilliance {unknown}
 q - 2 potions of degeneration {unknown}


   Skills:
 + Level 4.5 Fighting
 + Level 4.8 Axes
 + Level 5.1 Armour
 + Level 1.0 Dodging
 + Level 4.4 Shields


You had 4 spell levels left.
You didn't know any spells.
Your spell library contained the following spells:

 Spells                   Type           Power      Damage    Failure   Level
 Animate Skeleton         Necr           0%         N/A       100%        1
 Pain                     Necr           0%         1d4       100%        1
 Vampiric Draining        Necr           0%         2d6       100%        3


Dungeon Overview and Level Annotations

Branches:
Dungeon (4/15)
 Temple: D:4-7

Altars:
Ashenzari
Qazlal

Shops:
D:1 (   D:3 =


Innate Abilities, Weirdness & Mutations

You have a pair of horns on your head.
You reflexively headbutt those who attack you in melee.


Message History

You now have 139 gold pieces (gained 11).
You see here an adder skeleton.
You see here an adder skeleton.
Found a stone staircase leading down.
There is a stone staircase leading down here.
Found a fizzy brown potion.
q - 2 fizzy brown potions (gained 1)
Found a stone staircase leading down.
Found a book of Necromancy.
You pick up a book of Necromancy and begin reading...
You add the spells Pain, Animate Skeleton and Vampiric Draining to your library.
Found a war axe.
A goblin comes into view.
It is wielding the +8 whip "Snakebite" {venom, curare, rPois}.
The goblin unwields the +8 whip "Snakebite" {venom, curare, rPois}.
It stops dripping with poison.
The goblin wields a +0 hunting sling.
The goblin shoots a sling bullet.
The sling bullet completely misses you.
The goblin shoots a sling bullet.
The sling bullet hits you.
The goblin shoots a sling bullet.
The sling bullet hits you.
The goblin unwields a +0 hunting sling.
The goblin wields the +8 whip "Snakebite" {venom, curare, rPois}.
It begins to drip with poison!
The goblin completely misses you. You furiously retaliate!
You headbutt the goblin, but do no damage.
The goblin hits you but does no damage.
You are poisoned.
You are more poisoned.
You have difficulty breathing.
You feel yourself slow down.
You hit the goblin. Your headbutt misses the goblin.
The goblin is heavily wounded.
You feel extremely sick.
The goblin hits you with the +8 whip "Snakebite" {venom, curare, rPois}.
You are lethally poisoned!
The goblin hits you but does no damage.
You are more poisoned. x2
You have difficulty breathing.
* * * LOW HITPOINT WARNING * * *
You feel as though you will be slow longer.
Blink to where?
Press: ? - help, Dir - move target
As you read the scroll of blinking, it crumbles to dust.
You die...

##.####...........#.#.#.##..#
#.# #..########..###..##..#
##<# #..# #.## ##.#.... ...#
#..# #..###..#.... #### #..#
#.#.#.#.# # #..# #.#..##.# #
#######..# #.#..##.#.#
.........# ####.#.......#.#
########.# #..@....g§.....#
########.#####.##......>.......
..........<....................
##################...........##
#.....####### #.....# #######


You could see a goblin.

Vanquished Creatures
  An ogre (D:4)
  4 adders
  4 gnolls (D:2)
  4 dart slugs
  2 orcs
  3 endoplasms
  2 giant cockroaches
  9 goblins
  6 hobgoblins
  4 quokkas
  6 ball pythons
  9 bats
  3 frilled lizards (D:2)
  11 kobolds
  8 rats
76 creatures vanquished.

Vanquished Creatures (others)
  A goblin (D:3)
1 creature vanquished.

Grand Total: 77 creatures vanquished

Notes
Turn   | Place    | Note
-------+----------+-------------------------------------------
     0 | D:1      | chopper the Minotaur Fighter began the quest for the Orb.
     0 | D:1      | Reached XP level 1. HP: 19/19 MP: 0/0
   284 | D:1      | Reached XP level 2. HP: 26/26 MP: 1/1
   296 | D:1      | Found Teboitot's Antique Weapon Shop.
   320 | D:1      | Reached skill level 4 in Armour
   745 | D:1      | Reached XP level 3. HP: 33/33 MP: 2/2
   770 | D:1      | Found a faded altar of an unknown god.
  1240 | D:2      | Reached XP level 4. HP: 39/40 MP: 3/3
  1684 | D:3      | Found Cieza's Jewellery Shop.
  1804 | D:3      | Reached XP level 5. HP: 46/46 MP: 4/4
  2262 | D:4      | Found a broken altar of Ashenzari.
  2303 | D:4      | Found a stormy altar of Qazlal.
  2410 | D:4      | Noticed an ogre
  2419 | D:4      | Killed an ogre
  2420 | D:4      | Reached skill level 5 in Armour
  2420 | D:4      | Reached skill level 1 in Dodging
  2820 | D:4      | Succumbed to goblin's curare

Illustrated notes

Levels and vault maps discovered:
D:1:      ncdulo_halloftheorcs, layout_basic, serial_shops, nicolae_shop_stone,
          ebering_ecumenical_altar_hall
D:2:      layout_rooms
D:3:      layout_rooms, serial_shops, nicolae_shop_crystal, lemuel_old_faithful
D:4:      layout_loops_ring, lemuel_coloured_pillars_altar,
          grunt_qazlal_sundering, serial_shops, nicolae_shop_trees

Skill      XL: |  1  2  3  4  5 |
---------------+----------------+-----
Shields        | 4 |  4.4
Armour         | 4 5 |  5.1
Fighting       | 4 |  4.5
Axes           | 3 4 |  4.8
Dodging        | 1 |  1.0

Action                   |  1- 3 |  4- 6 || total
-------------------------+-------+-------++-------
Melee: War axe           |    73 |    61 ||   134
       Headbutt          |    10 |    12 ||    22
  Use: Scroll            |       |     6 ||     6
Armor: Scale mail        |    63 |       ||    63
       Chain mail        |     8 |    35 ||    43
Dodge: Dodged            |    40 |    74 ||   114
Block: Buckler           |    18 |    21 ||    39

Table legend: (Time is in decaauts)
 A = Elapsed time spent in this place.
 B = Non-inter-level travel time spent in this place.
 C = Inter-level travel time spent in this place.
 D = Time resting spent in this place.
 E = Time spent auto-exploring this place.
 F = Levels seen in this place.
 G = Mean time per level.
                   A        B        C        D        E       F      G
               +--------+--------+--------+--------+--------+-----+--------+
         Total |   2872 |   2872 |      0 |    126 |      0 |   4 |  718.0 |
       Dungeon |   2872 |   2872 |      0 |    126 |      0 |   4 |  718.0 |
               +--------+--------+--------+--------+--------+-----+--------+

Top non-repeatable levels by time:
     D:1: 1043 daAuts
     D:4: 710 daAuts
     D:2: 628 daAuts
     D:3: 490 daAuts
